 Dungeon Crawl Stone Soup version 0.28-a0-1374-ga75cb3825e (webtiles) character file.

Game seed: 2676353414704838216

6119 leviel the Cleaver (level 10, -3/90 HPs)
             Began as a Hill Orc Fighter on Dec 31, 2021.
             Was a Priest of Qazlal.
             Slain by a two-headed ogre (14 damage)
             ... on level 10 of the Dungeon on Jan 1, 2022.
             The game lasted 00:15:44 (8934 turns).

leviel the Cleaver (Hill Orc Fighter)               Turns: 8934, Time: 00:15:44

Health: -3/90      AC: 10    Str: 24    XL:     10   Next: 89%
Magic:  15/15      EV: 10    Int:  8    God:    Qazlal [***...]
Gold:   237        SH: 10    Dex: 10    Spells: 9/9 levels left

rFire   . . .      SeeInvis .   a - +2 war axe
rCold   + + .      Faith    .   c - +0 buckler
rNeg    + . .      Spirit   .   e - +1 scale mail {rC+}
rPois   .          Reflect  .   b - +0 helmet
rElec   .          Harm     .   (no cloak)
rCorr   .          Rampage  .   (no gloves)
Will    .....                   (no boots)
Stlth   ..........              w - amulet of regeneration
HPRegen 1.05/turn               g - ring of positive energy
MPRegen 0.14/turn               A - ring of protection from cold

@: hasted, very quick
A: no striking features
a: Renounce Religion, Upheaval, Elemental Force


You were on level 10 of the Dungeon.
You worshipped Qazlal.
Qazlal was most pleased with you.
You visited 2 branches of the dungeon, and saw 11 of its levels.

You collected 400 gold pieces.
You spent 163 gold pieces at shops.

Inventory:

Hand Weapons
 a - a +2 war axe (weapon)
 j - a +0 whip of venom
Missiles
 n - 36 poisoned darts
Armour
 b - a +0 helmet (worn)
 c - a +0 buckler (worn)
 e - a +1 scale mail of cold resistance (worn)
 v - a +0 plate armour
Jewellery
 g - a ring of positive energy (left hand)
 l - the amulet of the Four Winds {rN+ Will+++ Clar}
   (You found it on level 6 of the Dungeon)

   [amulet of nothing]

   rN:        It protects you from negative energy.
   Clar:      It protects you against confusion.
   Will:      It greatly increases your willpower.
 w - an amulet of regeneration (around neck)
 A - a ring of protection from cold (right hand)
Wands
 f - a wand of digging (7)
 m - a wand of mindburst (3) (quivered)
 p - a wand of iceblast (3)
 t - a wand of acid (10)
Scrolls
 d - a scroll of acquirement {unknown}
 i - a scroll of identify {@r1}
 u - a scroll of noise
 D - a scroll of blinking
Potions
 h - a potion of heal wounds
 o - a potion of mutation
 r - 2 potions of curing
 s - a potion of cancellation
 B - 2 potions of lignification
 C - a potion of brilliance


   Skills:
 + Level 8.9 Fighting
 * Level 12.7 Axes
 + Level 8.1 Armour
 + Level 8.0 Shields
 + Level 7.0 Invocations


You had 9 spell levels left.
You didn't know any spells.
Your spell library contained the following spells:

 Spells                   Type           Power      Damage    Failure   Level
 Blink                    Tloc           0%         N/A       80%         2
 Corpse Rot               Necr/Air       0%         N/A       80%         2
 Poisonous Vapours        Pois/Air       0%         N/A       80%         2
 Lesser Beckoning         Tloc           0%         N/A       95%         3
 Manifold Assault         Tloc           0%         N/A       100%        5


Dungeon Overview and Level Annotations

Branches:
Dungeon (10/15)            Temple (1/1) D:5             Orc (0/2) D:9
   Lair: D:8-11

Altars:
Ashenzari
Cheibriados
Dithmenos
Elyvilon
Fedhas
Gozag
Hepliaklqana
Kikubaaqudgha
Nemelex Xobeh
Okawaru
Qazlal
Ru
Sif Muna
Trog
Uskayaw
Vehumet
Wu Jian
Xom
Yredelemnul
Zin
The Shining One

Shops:
D:7 (*   D:10 !

Annotations:
D:5 2 transporters, croobank's ghost, novice OpTm
D:8 2 runed translucent doors, r3xj's ghost, novice MiFi
D:10 3 runed translucent doors, JamesMcGaha's ghost, journeyman GrGl; Maurice


Message History

You hit the manticore.
The manticore is lightly wounded.
You slice the manticore!!
The manticore is severely wounded.
The manticore bites you. You block the manticore's attack. x2
You hit the manticore.
The manticore is severely wounded.
You block the manticore's attack. The manticore closely misses you.
The manticore claws you!
You slash the manticore!
The manticore is severely wounded.
You hit the manticore but do no damage.
The manticore is severely wounded.
The manticore is engulfed in blazing flames.
You kill the manticore!
Qazlal accepts your kill.
Your Shields skill increases to level 8!
Your Invocations skill increases to level 7!
The two-headed ogre hits you with a +0 giant club!
You block the two-headed ogre's attack.
You hit the two-headed ogre.
The two-headed ogre is lightly wounded.
The two-headed ogre completely misses you.
The two-headed ogre hits you but does no damage.
You hit the two-headed ogre.
The two-headed ogre is lightly wounded.
You slash the two-headed ogre!
The two-headed ogre is moderately wounded.
You hit the two-headed ogre.
The two-headed ogre is moderately wounded.
You block the two-headed ogre's attack.
The two-headed ogre hits you but does no damage.
You slash the two-headed ogre!
The two-headed ogre is heavily wounded.
You hit the two-headed ogre.
The two-headed ogre is heavily wounded.
The two-headed ogre hits you with a +0 giant club!!
* * * LOW HITPOINT WARNING * * *
The two-headed ogre hits you with a +0 dire flail!
You die...

..#....o##+####*,>,,,,,,***,,,,,,
#...###.#,,,,,,#.....#***,*,,,,,,
#...,,#.#,,,,,,#.....#,,,,*,,,,,,
#...,,#.+,,,,,,#.....#,,,,*,,,,,*
#..,,,#.#,,,,,,#.....#,,,,*,,,,,*
..,,,,+.########.....#,,,,*,,,,,*
,,,,,,#..............#,,,,+,,,,,*
.######.......†○.○...###***,,,,,*
.........)).....@O......,,,,,,,,*
............#####☼......,,,,,,,,,
............#,,,*.......,,,,,,,,,
..........<.#,,,*.......,,,,,,,,,
#######.....#,,,*.......*********
#.....#,,,*.......*
#.....'...#.......*
#.....#...#.......* *
#.....#...#,,,,,,,*


You could see a two-headed ogre.

Vanquished Creatures
  A two-headed ogre (D:6)
  An orc knight (D:10)
  A manticore (D:10)
  A hornet (D:9)
  A wraith (D:9)
  4 yaks (D:9)
  A steam dragon (D:8)
  4 vampire mosquitoes (D:10)
  7 orc warriors
  A sky beast (D:7)
  4 centaurs
  2 phantoms (D:6)
  2 bullfrogs
  2 scorpions
  A wyvern skeleton (D:7)
  A water moccasin skeleton (D:7)
  6 killer bees (D:9)
  4 howler monkeys
  3 bullfrog skeletons
  2 centaur zombies
  3 hounds
  10 orc priests
  2 jellies
  A centaur skeleton (D:5)
  A gnoll shaman (D:7)
  3 iguanas
  A scorpion zombie (D:5)
  7 orc wizards
  A hound zombie (D:5)
  A hound skeleton (D:5)
  5 gnolls (D:7)
  5 adders
  A shadow imp (D:5)
  3 white imps
  An ufetubus (D:7)
  A worm (D:2)
  5 dart slugs
  30 orcs
  2 endoplasms
  2 giant cockroaches
  2 goblins
  2 hobgoblins
  2 jackals (D:5)
  4 kobolds
  6 ball pythons
  6 bats (D:2)
  3 frilled lizards
  3 rats
162 creatures vanquished.

Vanquished Creatures (others)
  8 plants (D:2)
8 creatures vanquished.

Grand Total: 170 creatures vanquished

Notes
Turn   | Place    | Note
-------+----------+-------------------------------------------
     0 | D:1      | leviel the Hill Orc Fighter began the quest for the Orb.
     0 | D:1      | Reached XP level 1. HP: 19/19 MP: 1/1
   164 | D:1      | You fall into a shaft and drop 1 floor!
   222 | D:2      | Reached skill level 3 in Axes
   289 | D:2      | Reached XP level 2. HP: 27/27 MP: 2/2
   459 | D:2      | Reached XP level 3. HP: 33/33 MP: 3/3
   765 | D:2      | Found a stormy altar of Qazlal.
   988 | D:2      | Became a worshipper of Qazlal Stormbringer
  1236 | D:3      | Noticed a bullfrog
  1246 | D:3      | Killed a bullfrog
  1247 | D:3      | Reached skill level 4 in Axes
  1247 | D:3      | Reached XP level 4. HP: 25/41 MP: 4/4
  1666 | D:3      | Reached XP level 5. HP: 41/47 MP: 5/5
  1759 | D:3      | Reached skill level 5 in Axes
  2188 | D:4      | Reached * piety under Qazlal
  2334 | D:4      | Reached XP level 6. HP: 15/55 MP: 6/6
  3081 | D:5      | Entered Level 5 of the Dungeon
  3090 | D:5      | Reached skill level 5 in Fighting
  3090 | D:5      | Reached skill level 6 in Axes
  3156 | D:5      | Found a staircase to the Ecumenical Temple.
  3182 | D:5      | Reached XP level 7. HP: 47/61 MP: 7/7
  3197 | Temple   | Entered the Ecumenical Temple
  3588 | D:5      | Noticed croobank's ghost (novice OpTm)
  3599 | D:5      | Reached skill level 7 in Axes
  3599 | D:5      | Reached skill level 5 in Armour
  3649 | D:5      | Found a transporter.
  3673 | D:5      | Reached skill level 5 in Shields
  3810 | D:5      | Found a transporter.
  4177 | D:6      | Found the amulet of the Four Winds {rN+ Will+++ Clar}
  4180 | D:6      | Reached ** piety under Qazlal
  4398 | D:6      | Reached XP level 8. HP: 70/70 MP: 8/8
  4484 | D:6      | Reached skill level 8 in Axes
  4558 | D:6      | Reached skill level 1 in Invocations
  4564 | D:6      | Noticed a two-headed ogre
  4576 | D:6      | Killed a two-headed ogre
  4577 | D:6      | Reached skill level 9 in Axes
  5100 | D:7      | Reached XP level 9. HP: 46/78 MP: 11/11
  5113 | D:7      | Found Junoridd's Hallowed Reliquary.
  5113 | D:7      | Noticed an angel
  5308 | D:7      | Bought a potion of curing for 33 gold pieces
  5662 | D:7      | Found Cerghorph's Weapon Emporium.
  5698 | D:7      | Upgraded the game from 0.28-a0-1356-g2ad6d04315 to
                  | 0.28-a0-1374-ga75cb3825e
  5728 | D:8      | Reached skill level 10 in Axes
  5745 | D:8      | Found a large runed translucent door.
  5745 | D:8      | Found a large runed translucent door.
  6023 | D:8      | Noticed r3xj's ghost (novice MiFi)
  6924 | D:9      | Reached skill level 5 in Invocations
  7096 | D:9      | Reached skill level 11 in Axes
  7097 | D:9      | Reached *** piety under Qazlal
  7339 | D:9      | Reached XP level 10. HP: 87/88 MP: 12/14
  7759 | D:9      | Found a staircase to the Orcish Mines.
  8214 | D:9      | Reached skill level 12 in Axes
  8422 | D:10     | Entered Level 10 of the Dungeon
  8422 | D:10     | Found Vyirocy's Distillery.
  8426 | D:10     | Bought a potion of curing for 30 gold pieces
  8426 | D:10     | Bought a potion of haste for 100 gold pieces
  8447 | D:10     | Noticed a manticore
  8479 | D:10     | Noticed Maurice
  8479 | D:10     | Noticed a two-headed ogre
  8507 | D:10     | Found a runed translucent gate.
  8507 | D:10     | Found a runed translucent gate.
  8507 | D:10     | Found a runed translucent gate.
  8509 | D:10     | Found an opulent altar of Gozag.
  8511 | D:10     | Noticed a seven-headed hydra
  8511 | D:10     | Noticed an ettin
  8511 | D:10     | Noticed JamesMcGaha's ghost (journeyman GrGl)
  8555 | D:10     | HP: 2/90 [yak (7)]
  8828 | D:10     | Noticed an orc knight
  8915 | D:10     | Killed an orc knight
  8925 | D:10     | Killed a manticore
  8934 | D:10     | Slain by a two-headed ogre

Illustrated notes

Levels and vault maps discovered:
D:1:      dpeg_arrival_circle_labyrinth_a, layout_loops_ring, serial_forest,
          infiniplex_forest_zigzag_1, infiniplex_forest_end_1,
          infiniplex_forest_clump_curved, infiniplex_forest_clump_long,
          infiniplex_forest_straight_3, infiniplex_forest_straight_2,
          infiniplex_forest_end_1, hellmonk_ecumenical_altar_crossroads
D:2:      layout_loops_ring, basic_altar, serial_bayou, serial_bayou_pond_a,
          serial_bayou_crossing, serial_bayou_lake_a, serial_bayou_lagoon_a,
          serial_bayou_shore_a
D:3:      layout_loops_ring, nicolae_overflow_hidden_temple, serial_aquarium,
          aquarium_bridge_straight [aquarium_subvault_bridge,
          aquarium_subvault_wall, aquarium_subvault_bridge,
          aquarium_subvault_balcony], aquarium_bridge_square
          [aquarium_subvault_wall, aquarium_subvault_bridge,
          aquarium_subvault_bridge, aquarium_subvault_bridge],
          aquarium_window_fake, aquarium_window_1, aquarium_view_2c,
          aquarium_view_2e, aquarium_balcony_3a, aquarium_pool_1, moated_statue
D:4:      layout_basic
D:5:      layout_rooms, minmay_temple_entry_sparse_star,
          gammafunk_ghost_stat_death, nicolae_elevator_lobby_plus
D:6:      layout_cave_pools, eino_tiny_chamber, minmay_tree_intersection
D:7:      layout_rooms, serial_shops, shop, nicolae_good_shop
D:8:      layout_loops_ring, ebering_ghost_disaster_area
D:9:      layout_gridville, david_orc_1_choice
D:10:     layout_irregular_city, ebering_ghost_gozag, serial_shops,
          nicolae_shop_temple_entry_statues_fountains, minmay_radiant,
          uniq_maurice, uniq_maggie
Temple:   minmay_crystal_snake_temple

Skill      XL: |  1  2  3  4  5  6  7  8  9 10 |
---------------+-------------------------------+-----
Axes           | 3 4 5 6 7 9 11 12 | 12.7
Fighting       | 4 5 6 7 8 |  8.9
Armour         | 4 5 6 7 8 |  8.1
Shields        | 4 5 6 7 8 |  8.0
Invocations    | 3 5 7 |  7.0

Action                   |  1- 3 |  4- 6 |  7- 9 | 10-12 || total
-------------------------+-------+-------+-------+-------++-------
Melee: War axe           |    68 |    95 |   282 |   159 ||   604
Evoke: Wand              |       |       |     1 |     7 ||     8
  Use: Potion            |     1 |       |     2 |     5 ||     8
       Scroll            |       |     7 |     2 |    16 ||    25
Armor: Scale mail        |    34 |    42 |    89 |    27 ||   192
       Plate armour      |       |       |    39 |    14 ||    53
Dodge: Dodged            |    33 |    37 |   103 |    47 ||   220
Block: Buckler           |    13 |    22 |    95 |    59 ||   189

Table legend: (Time is in decaauts)
 A = Elapsed time spent in this place.
 B = Non-inter-level travel time spent in this place.
 C = Inter-level travel time spent in this place.
 D = Time resting spent in this place.
 E = Time spent auto-exploring this place.
 F = Levels seen in this place.
 G = Mean time per level.
                   A        B        C        D        E       F      G
               +--------+--------+--------+--------+--------+-----+--------+
         Total |   8979 |   8531 |    448 |    820 |   6275 |  11 |  816.3 |
       Dungeon |   8700 |   8290 |    410 |    820 |   6054 |  10 |  870.0 |
        Temple |    278 |    240 |     38 |      0 |    221 |   1 |  278.0 |
               +--------+--------+--------+--------+--------+-----+--------+

Top non-repeatable levels by time:
     D:9: 1869 daAuts
     D:4: 1066 daAuts
     D:8: 1059 daAuts
     D:3: 1027 daAuts
     D:2: 916 daAuts
     D:6: 902 daAuts
     D:5: 828 daAuts
     D:7: 630 daAuts
  Temple: 278 daAuts
    D:10: 234 daAuts
     D:1: 164 daAuts
